cohdb
Replays
Latest Replays
All Replays
Popular Replays
Top Player Replays
Match Explorer
How It Works
Community
CoH3 Stats
Reddit
Sign in to upload your games and track your stats! →
Sign in with Steam
Match 30869823
Unlisted
Match 30869823
Overview
Messages
Build Orders
End
Construct Barracks
Riflemen Squad
Riflemen Squad
Riflemen Squad
Grenade Package
Construct Medical Station
Selects Advanced Infantry Battlegroup
Selects Artillery Observers
Infantry Support Center
Selects Convert to Ranger Squad
Selects Frontline Medical Station
Convert to Ranger Squad
Construct Tank Depot
Frontline Medical Station
Convert to Ranger Squad
Ranger Squad
Selects Infantry Assault
Convert to Ranger Squad
M4(105) Sherman Bulldozer
Engineer Squad
M18 Hellcat Tank Destroyer
G0dm0de
Leave out all the rest
Ashley
Stevel
kingkendji99
Two finger
0
0
Comments
sign in to comment!
No comments posted yet!